 Dungeon Crawl Stone Soup version 0.24-a0-249-g2af7e83 (webtiles) character file.

Game seed: 4693592691563627042

94 puppykicker the Grave Robber (level 4, -1/36 HPs)
             Began as a Minotaur Necromancer on Apr 14, 2019.
             Slain by Jessica
             ... wielding a +6 club
              (8 damage)
             ... on level 3 of the Dungeon.
             The game lasted 00:06:59 (2728 turns).

puppykicker the Grave Robber (Minotaur Necromancer) Turns: 2728, Time: 00:07:00

Health: -1/36      AC:  5    Str: 13    XL:     4   Next: 38%
Magic:  5/6        EV: 11    Int: 12    God:
Gold:   92         SH:  0    Dex: 11    Spells: 2/7 levels left

rFire    . . .     SeeInvis +   a - +0 flail (protect)
rCold    . . .     Gourm    .   (no shield)
rNeg     . . .     Faith    .   e - +0 ring mail
rPois    .         Spirit   .   (helmet restricted)
rElec    .         Reflect  .   (no cloak)
rCorr    .         Harm     .   (no gloves)
MR       .....                  (no boots)
Stlth    +.........             (no amulet)
HPRegen  0.12/turn              i - ring of see invisible
MPRegen  0.10/turn              (no ring)

@: no status effects
A: retaliatory headbutt, horns 2
a: no special abilities


You were on level 3 of the Dungeon.
You were hungry.

You visited 1 branch of the dungeon, and saw 3 of its levels.

You collected 92 gold pieces.


Innate Abilities, Weirdness & Mutations

You reflexively headbutt those who attack you in melee.
You have a pair of horns on your head.


   Skills:
 + Level 1.9 Fighting
 + Level 2.0 Armour
 + Level 2.9 Dodging
 - Level 1.5 Stealth
 + Level 2.0 Spellcasting
 + Level 3.3 Necromancy


You had 2 spell levels left.
You knew the following spells:

 Your Spells              Type           Power        Failure   Level  Hunger
a - Pain                  Necr           #...         16%         1    ##.....
c - Vampiric Draining     Necr           #.........   41%         3    ####...
z - Animate Skeleton      Necr           N/A          16%         1    ##.....

Your spell library contained the following spells:

 Spells                   Type           Power        Failure   Level  Hunger
 Regeneration             Chrm/Necr      #.........   65%         3    ####...
 Animate Dead             Necr           N/A          83%         4    #####..

Inventory:

Hand Weapons
 a - a +0 flail of protection (weapon)
Missiles
 k - 19 sling bullets
 o - 24 bolts
 r - 52 arrows
Armour
 e - a +0 ring mail (worn)
 l - a +0 scale mail
Jewellery
 i - a ring of see invisible (left hand)
Scrolls
 d - 2 scrolls of magic mapping {unknown}
 f - 2 scrolls of teleportation {unknown}
 h - 2 scrolls of identify {unknown}
 j - a scroll of enchant weapon {unknown}
 m - a scroll of amnesia {unknown}
 q - a scroll of blinking {unknown}
Potions
 b - a potion of might {unknown}
 g - a potion of curing {unknown}
 p - 2 potions of degeneration {unknown}
Comestibles
 c - 4 rations

Dungeon Overview and Level Annotations

Branches:
Dungeon (3/15)

Altars:

Annotations:
D:3 Jessica

#.... ....# ....
#.#.# .... #....
..... ...# .....
##..#
......##.@.#
......#.@..#
.......)...#...
.......<......r.
##...#..###.....
#......# >....
......## ....
...##.. ... ..
... ... # ###.


You could see Jessica.


Message History

Jessica seems to speed up.
The quokka bites you but does no damage.
You barely miss Jessica. You headbutt Jessica, but do no damage.
Jessica is moderately wounded.
Jessica closely misses you. The quokka closely misses you.
Jessica hits you but does no damage. The quokka barely misses you.
You furiously retaliate!
You headbutt the quokka!
You kill the quokka!
Your Spellcasting skill increases to level 2!
You barely miss Jessica.
Jessica is moderately wounded.
Jessica barely misses you. Jessica hits you with a +6 club.
You hit Jessica but do no damage.
Jessica is moderately wounded.
Jessica hits you with a +6 club.
Jessica gestures wildly.
Jessica barely misses you.
Unknown command.
Your ring mail prevents you from hitting Jessica.
Jessica is moderately wounded.
Jessica hits you with a +6 club!
* * * LOW HITPOINT WARNING * * *
Jessica barely misses you.
You closely miss Jessica.
Jessica is moderately wounded.
Jessica gestures at you while chanting. Pain shoots through your body!
* * * LOW HITPOINT WARNING * * *
Jessica hits you with a +6 club!
You die...

Action                   |  1- 3 |  4- 6 || total
-------------------------+-------+-------++-------
Melee: Club              |    34 |       ||    34
       Headbutt          |    23 |     6 ||    29
       Unarmed           |    12 |       ||    12
       Whip              |    44 |       ||    44
       Hand axe          |    29 |       ||    29
       Flail             |     7 |    30 ||    37
 Cast: Animate Skeleton  |    17 |     2 ||    19
       Pain              |    21 |     1 ||    22
  Eat: Chunk             |     5 |     2 ||     7
Armor: Robe              |     3 |       ||     3
       Ring mail         |    39 |    15 ||    54
Dodge: Dodged            |    88 |    24 ||   112

Levels and vault maps discovered:
D:1:      lightli_arrival_chessboard, layout_basic, serial_forest,
          infiniplex_forest_clump_C, infiniplex_forest_clump_curved,
          infiniplex_forest_straight_1, infiniplex_forest_3_way,
          infiniplex_forest_corner_1, infiniplex_forest_end_2,
          infiniplex_forest_straight_5
D:2:      layout_basic
D:3:      layout_rooms, uniq_jessica

Notes
Turn   | Place    | Note
-------+----------+-------------------------------------------
     0 | D:1      | puppykicker the Minotaur Necromancer began the quest for
                  | the Orb.
     0 | D:1      | Reached XP level 1. HP: 14/14 MP: 1/1
    19 | D:1      | Reached skill level 3 in Necromancy
    31 | D:1      | Learned a level 1 spell: Animate Skeleton
   237 | D:1      | Reached XP level 2. HP: 22/22 MP: 3/3
   315 | D:1      | Reached skill level 1 in Armour
   317 | D:1      | Reached skill level 1 in Fighting
   714 | D:1      | Reached XP level 3. HP: 25/28 MP: 0/4
  1465 | D:2      | HP: 2/28 [gnoll/+0 halberd (9)]
  1578 | D:1      | Learned a level 3 spell: Vampiric Draining
  2070 | D:2      | Reached XP level 4. HP: 33/36 MP: 5/5
  2494 | D:3      | Noticed Jessica
  2716 | D:3      | Reached skill level 2 in Armour
  2724 | D:3      | Reached skill level 2 in Spellcasting
  2728 | D:3      | Slain by Jessica

Vanquished Creatures
  3 gnolls (D:2)
  A worm (D:2)
  A dart slug (D:2)
  3 orcs
  A ball python (D:1)
  7 hobgoblins
  3 jackals (D:1)
  2 quokkas
  7 bats
  8 goblins
  9 kobolds
  3 rats
  A plant (D:1)
49 creatures vanquished.

Vanquished Creatures (collateral kills)
  A leopard gecko (D:1)
  2 goblins (D:2)
  A hobgoblin (D:2)
  2 jackals (D:1)
6 creatures vanquished.

Grand Total: 55 creatures vanquished
